 Dungeon Crawl Stone Soup version 0.18.1-5-g4a78601 (webtiles) character file.

146587 Ingvold the Severer (level 17, -45/160 HPs)
             Began as a Hill Orc Fighter on May 12, 2016.
             Was a High Priest of Okawaru.
             Killed from afar by Ilsuiw (54 damage)
             ... with a shard of ice
             ... on level 4 of the Shoals on May 13, 2016.
             The game lasted 03:17:24 (26310 turns).

Ingvold the Severer (Hill Orc Fighter)             Turns: 26310, Time: 03:17:25

Health: -45/160    AC: 36    Str: 22    XL:     17   Next: 44%
Magic:  20/25      EV: 12    Int:  8    God:    Okawaru [*****.]
Gold:   3097       SH: 13    Dex: 25    Spells: 0 memorised, 16 levels left

rFire  + . .     SeeInvis .     X - +12 war axe "Dexov" {chop, *Confuse MR++ Str-4 Dex+10}
rCold  . . .     Gourm    .     K - +3 plate armour
rNeg   . . .     Faith    .     a - +1 buckler {rF+}
rPois  .         Spirit   .     e - +1 helmet
rElec  .         Dismiss  .     Z - +2 cloak
rCorr  .         Reflect  +     H - +3 pair of gauntlets of War {Slay+5}
SustAt .         Harm     .     P - +1 pair of boots
MR     +++..                    n - +2 amulet of reflection
Stlth  ..........               G - +5 ring of dexterity
                                t - +3 ring of slaying

@: lethally poisoned (-45 -> -47), heroism, finesse, very slightly contaminated,
extremely resistant to hostile enchantments, extremely unstealthy
A: no striking features
a: Heroism, Finesse, Renounce Religion


You were on level 4 of the Shoals.
You worshipped Okawaru.
Okawaru was extremely pleased with you.
You were not hungry.

You visited 5 branches of the dungeon, and saw 29 of its levels.
You also visited: Labyrinth, Ossuary and Ice Cave.

You collected 3097 gold pieces.

Inventory:

Hand Weapons
 V - the +3 morningstar of Eket {flame, +Fly}
   (You found it on level 13 of the Dungeon)

   It has been specially enchanted to burn those struck by it, causing extra
   injury to most foes and up to half again as much damage against particularly
   susceptible opponents.
   It lets you fly.
 X - the +12 war axe "Dexov" (weapon) {chop, *Confuse MR++ Str-4 Dex+10}
   (Okawaru gifted it to you on level 6 of the Lair of Beasts)

   It inflicts extra damage upon your enemies.
   It affects your strength (-4).
   It affects your dexterity (+10).
   It affects your resistance to hostile enchantments.
   It may confuse you when you take damage.
Armour
 a - a +1 buckler of fire resistance (worn)
 c - a +0 shield
 e - a +1 helmet (worn)
 H - the +3 pair of gauntlets of War (worn) {Slay+5}
   (You found it in an ice cave)

   It affects your accuracy and damage with ranged weapons and melee attacks
   (+5).
 K - a +3 plate armour (worn)
 P - a +1 pair of boots (worn)
 Z - a +2 cloak (worn)
Jewellery
 n - a +2 amulet of reflection (around neck)
 t - a +3 ring of slaying (left hand)
 y - an uncursed ring of resist corrosion
 G - a +5 ring of dexterity (right hand)
 I - an uncursed ring of flight
 Q - an uncursed amulet of regeneration
Wands
 d - a wand of teleportation (1/9)
 g - a wand of slowing (7/48)
 s - a wand of enslavement (9/24)
 v - a wand of heal wounds (0/9)
 A - a wand of iceblast (6/15)
 J - a wand of paralysis (11/24)
 U - a wand of disintegration (10/24)
 W - a wand of lightning (10/15)
 Y - a wand of polymorph (14/24)
Scrolls
 b - 5 scrolls of blinking
 h - 4 scrolls of fog
 i - 11 scrolls of remove curse
 r - 9 scrolls of teleportation
 B - 3 scrolls of fear
 D - a scroll of recharging
 F - 6 scrolls of identify
Potions
 j - a potion of resistance
 m - a potion of berserk rage
 o - 5 potions of curing
 q - 2 potions of might
 u - 3 potions of heal wounds
 w - 4 potions of agility
 z - 4 potions of haste
 M - 3 potions of flight
 N - a potion of invisibility
Comestibles
 f - 14 bread rations
 k - 4 fruits
 l - 4 chunks of flesh


   Skills:
 * Level 16.9(21.9) Fighting
 + Level 19.3(24.4) Axes
 - Level 1.8(16.4) Maces & Flails
 * Level 15.4(20.4) Armour
 * Level 13.6(18.6) Shields
 - Level 8.1 Invocations
 + Level 10.6 Evocations


You had 16 spell levels left.
You didn't know any spells.

Dungeon Overview and Level Annotations

Branches:
Dungeon (14/15)            Temple (1/1) D:4            Lair (8/8) D:9
 Shoals (4/4) Lair:4       Spider (0/4) Lair:5        Slime (0/6) Lair:8
    Orc (2/2) D:12            Elf (0/3) Orc:2        Vaults (0/5) D:13

Altars:
Dithmenos
Elyvilon
Fedhas
Gozag
Makhleb
Nemelex Xobeh
Okawaru
Pakellas
Ru
Sif Muna
Vehumet
Xom
Yredelemnul
The Shining One
Beogh

Shops:
D:8 [   D:11 !   Orc:1 %:   Orc:2 (:((*   Shoals:4 ?*

Annotations:
Shoals:4 Ilsuiw


Message History

You slice the merfolk javelineer!!
You kill the merfolk javelineer!
Okawaru accepts your kill.
You hear a splash. x2
You feel sick.
Your unstable footing causes you to fumble your attack.
You hear some strange, mumbled words.
A shard of ice appears from out of thin air!
The shard of ice hits you!
* * * LOW HITPOINT WARNING * * *
The merfolk javelineer throws a poisoned javelin.
The poisoned javelin hits you.
* * * LOW HITPOINT WARNING * * *
The merfolk javelineer throws a silver javelin.
The silver javelin hits you!
* * * LOW HITPOINT WARNING * * *
You hear some strange, mumbled words.
A shard of ice appears from out of thin air!
The shard of ice hits you!
You die...

≈≈≈≈≈≈P≈≈≈P...#####.....
≈≈≈≈≈P≈≈≈≈≈≈............
≈≈≈≈≈≈≈≈≈≈≈P≈...........
≈≈≈≈..≈≈≈≈≈≈≈.....≈#≈#≈.
.......≈ ......P.≈#≈≈≈#≈
........ #..PP.#m≈≈≈≈#
.........###...P.≈≈≈≈≈≈≈
..........##....(#≈≈≈≈≈#.
(...............@m#≈≈≈#≈.
...............(.{≈#≈#≈..
...........≈.............
≈......≈≈≈.(.............
≈≈≈....≈≈≈.......%.....#
≈≈≈≈≈≈.≈≈≈......≈(..≈≈##
≈≈≈≈≈≈≈≈†≈......(..≈≈≈#
≈≈≈≈≈≈≈∩≈≈......((≈≈≈≈+
≈≈≈≈≈≈≈≈≈≈........≈≈≈≈#


You could see 2 merfolk javelineers.

Vanquished Creatures
  Rupert (Lair:3)
  An Ice Fiend (IceCv)
  Polyphemus (Shoals:2)
  A sphinx (D:13)
  Kirke (Shoals:2)
  Roxanne (Shoals:2)
  Nessos (Orc:2)
  4 merfolk impalers
  A minotaur (Lab)
  A fire dragon (D:13)
  2 merfolk javelineers (Shoals:4)
  An ettin (D:13)
  2 ogre magi (D:13)
  7 hydras
  3 catoblepae
  5 centaur warriors
  2 merfolk avatars
  10 death yaks
  Erica (Orc:1)
  A merfolk aquamancer (Shoals:4)
  A satyr (Shoals:2)
  A tengu warrior (D:14)
  A deep troll shaman (Lair:8)
  3 orc high priests (Orc:2)
  A deep troll earth mage (D:13)
  A deep elf knight (D:14)
  Urug (Lair:4)
  2 fire crabs (Shoals:3)
  A wizard (D:13)
  9 sea snakes
  6 unseen horrors
  A flayed ghost (D:13)
  5 hill giants
  4 orc knights (Orc:2)
  3 ugly things
  15 harpies
  A necromancer (Lair:5)
  3 griffons
  4 orc sorcerers (Orc:2)
  A wolf spider (D:14)
  3 oklob plants (Lair:3)
  11 fauns (Shoals:2)
  9 cyclopes
  Maurice (Orc:1)
  8 manticores
  5 water nymphs
  7 sirens
  7 black mambas
  3 centaur zombies (D:14)
  6 elephants (Lair:8)
  A gargoyle (D:13)
  A black mamba (shapeshifter) (D:13)
  2 torpor snails
  A rime drake (Lair:4)
  A kobold demonologist (D:13)
  16 spiny frogs
  A yaktaur (D:13)
  4 anaconda simulacra (IceCv)
  4 komodo dragons
  3 freezing wraiths
  6 trolls
  7 ice devils (IceCv)
  A golden dragon simulacrum (IceCv)
  2 tengu conjurers (D:14)
  2 polar bears (Lair:8)
  25 merfolk
  2 wind drakes (Shoals:2)
  7 slime creatures (D:12)
  6 snapping turtles
  26 blink frogs
  2 vampires
  3 water elementals
  34 yaks
  A dire elephant simulacrum (IceCv)
  4 wyverns
  2 fire bats (Shoals:3)
  A basilisk (Lair:1)
  7 hogs (Shoals:2)
  3 death yak simulacra (IceCv)
  A hungry ghost (D:13)
  A vampire mosquito (D:14)
  12 hippogriffs
  4 wargs
  Menkaure (D:6)
  2 mottled dragons
  2 iron troll simulacra (IceCv)
  Edmund (D:4)
  9 water moccasins
  4 harpy simulacra (IceCv)
  A hydra simulacrum (IceCv)
  6 porcupines
  13 ice beasts
  4 sky beasts
  A swamp drake (D:12)
  4 black bears
  A phantom (D:9)
  2 ettin simulacra (IceCv)
  24 orc warriors
  2 eyes of draining
  3 wasps
  10 ogres
  21 wolves
  8 centaurs
  19 crocodiles
  Blork the orc (D:5)
  4 big kobolds
  23 giant frogs
  A wyvern zombie (D:14)
  2 scorpions
  9 wights
  2 howler monkeys
  5 electric eels
  A crimson imp (D:9)
  2 quasits
  2 draconian simulacra (IceCv)
  5 hounds
  24 orc priests
  5 centaur skeletons
  10 jellies
  27 orc wizards
  2 giant frog skeletons
  10 iguanas
  8 worker ants
  9 hell rats
  A polar bear simulacrum (Lair:5)
  A troll simulacrum (IceCv)
  2 yak simulacra (Lair:5)
  5 wolf simulacra
  14 sheep
  2 big kobold zombies (Ossuary)
  2 mummies (Ossuary)
  A hound skeleton (D:11)
  A worker ant zombie (D:8)
  A howler monkey zombie (D:11)
  Robin (D:2)
  7 gnolls
  14 adders
  3 naga simulacra (IceCv)
  54 river rats
  2 ogre simulacra (IceCv)
  A shadow imp (D:9)
  7 white imps (IceCv)
  6 ufetubi (IceCv)
  9 oozes
  3 adder zombies
  An adder skeleton (D:9)
  2 worms
  3 dart slugs
  7 giant geckos
  60 orcs
  13 bats
  7 giant cockroaches
  20 goblins
  10 hobgoblins
  5 jackals
  2 quokkas
  2 ball pythons (D:4)
  8 giant newts
  3 gnoll zombies (Ossuary)
  5 goblin zombies
  2 hobgoblin zombies (Ossuary)
  19 kobolds
  3 orc zombies (Ossuary)
  A quokka zombie (D:5)
  11 rats
  4 river rat simulacra (Lair:5)
  A butterfly (Lair:4)
  4 fungi
  14 plants
998 creatures vanquished.

Vanquished Creatures (others)
  An orc (D:13)
  A butterfly (Lair:8)
  7 fungi
  2 plants
11 creatures vanquished.

Grand Total: 1009 creatures vanquished

Notes
Turn   | Place    | Note
--------------------------------------------------------------
     0 | D:1      | Ingvold the Hill Orc Fighter began the quest for the Orb.
     0 | D:1      | Reached XP level 1. HP: 19/19 MP: 1/1
   140 | D:1      | Reached XP level 2. HP: 27/27 MP: 2/2
   305 | D:1      | Reached XP level 3. HP: 33/33 MP: 3/3
   516 | D:1      | Reached skill level 3 in Axes
   665 | D:2      | Reached XP level 4. HP: 29/40 MP: 4/4
   942 | D:2      | Reached XP level 5. HP: 36/47 MP: 5/5
  1025 | D:2      | Noticed Robin
  1039 | D:2      | Killed Robin
  1040 | D:2      | Reached skill level 4 in Axes
  1746 | D:3      | Reached XP level 6. HP: 53/53 MP: 6/6
  1904 | D:3      | Reached skill level 5 in Axes
  1904 | D:3      | Reached skill level 5 in Shields
  2099 | D:3      | Reached skill level 5 in Fighting
  2138 | D:3      | Found a sacrificial altar of Ru.
  2431 | D:4      | Found a staircase to the Ecumenical Temple.
  2442 | Temple   | Entered the Ecumenical Temple
  2454 | Temple   | Became a worshipper of Warmaster Okawaru
  2484 | D:4      | Reached XP level 7. HP: 59/61 MP: 7/7
  2601 | D:4      | Noticed Edmund
  2623 | D:4      | Killed Edmund
  2803 | D:4      | Found a radiant altar of Vehumet.
  2810 | D:4      | Found an oddly glowing altar of Pakellas.
  3005 | D:4      | Reached skill level 6 in Axes
  3005 | D:4      | Reached skill level 5 in Armour
  3069 | D:5      | Entered Level 5 of the Dungeon
  3146 | D:5      | Reached * piety under Okawaru
  3146 | D:5      | Reached skill level 1 in Invocations
  3178 | D:5      | Noticed Blork the orc
  3191 | D:5      | Killed Blork the orc
  3191 | D:5      | Reached XP level 8. HP: 43/69 MP: 7/9
  3272 | D:5      | Reached skill level 1 in Evocations
  3368 | D:5      | Found a sand-covered staircase.
  3377 | Ossuary  | Entered an ossuary
  3723 | D:5      | Found a basalt altar of Yredelemnul.
  3723 | D:5      | Found a white marble altar of Elyvilon.
  4039 | D:6      | Reached skill level 7 in Axes
  4569 | D:6      | Noticed Menkaure
  4577 | D:6      | Killed Menkaure
  4577 | D:6      | Reached XP level 9. HP: 58/77 MP: 11/11
  4688 | D:6      | Reached skill level 8 in Axes
  4767 | D:6      | Reached ** piety under Okawaru
  4978 | D:7      | Got a steaming battleaxe
  4984 | D:7      | Identified the +11 battleaxe of the Ancient Wars {elec, Dex+4} (You found it on level 7 of the Dungeon)
  5218 | D:7      | Reached skill level 9 in Axes
  5482 | D:7      | Reached skill level 5 in Invocations
  5640 | D:8      | Found Touc's Antique Armour Shop.
  5902 | D:8      | Reached *** piety under Okawaru
  6019 | D:8      | Reached skill level 10 in Axes
  6237 | D:9      | Reached XP level 10. HP: 86/86 MP: 14/14
  6355 | D:9      | Found a staircase to the Lair.
  6376 | D:9      | Reached skill level 11 in Axes
  6824 | Lair:1   | Entered Level 1 of the Lair of Beasts
  6901 | Lair:1   | Reached **** piety under Okawaru
  6964 | Lair:1   | Reached skill level 12 in Axes
  6966 | Lair:1   | Reached skill level 5 in Evocations
  6978 | Lair:1   | Reached ***** piety under Okawaru
  7546 | Lair:1   | Reached XP level 11. HP: 81/94 MP: 14/16
  7697 | Lair:1   | Reached skill level 13 in Axes
  7782 | Lair:2   | Found a labyrinth entrance.
  7796 | Lab      | Entered a labyrinth
  9096 | Lab      | Noticed a minotaur
  9102 | Lab      | Killed a minotaur
  9272 | Lair:2   | Noticed an eight-headed hydra
  9624 | Lair:2   | Received a gift from Okawaru
  9902 | Lair:2   | Killed an eight-headed hydra
 10741 | Lair:3   | Reached skill level 14 in Axes
 10802 | Lair:3   | Noticed Rupert
 10823 | Lair:3   | Killed Rupert
 10823 | Lair:3   | Reached skill level 1 in Maces & Flails
 10823 | Lair:3   | Reached XP level 12. HP: 40/104 MP: 10/17
 11037 | Lair:3   | Noticed a death yak
 11041 | Lair:3   | Received a gift from Okawaru
 11046 | Lair:3   | Killed a death yak
 11288 | Lair:3   | Reached skill level 15 in Axes
 12042 | Lair:4   | Found a staircase to the Shoals.
 12122 | Lair:4   | Reached skill level 10 in Fighting
 12288 | Lair:4   | Received a gift from Okawaru
 12508 | Lair:4   | Noticed Urug
 12519 | Lair:4   | Killed Urug
 12896 | Lair:5   | Found a hole to the Spider Nest.
 13269 | Lair:5   | Reached skill level 10 in Armour
 13370 | Lair:5   | Reached skill level 16 in Axes
 13566 | Lair:5   | Reached XP level 13. HP: 55/116 MP: 19/19
 13753 | Lair:5   | Received a gift from Okawaru
 14087 | Lair:6   | Received a gift from Okawaru
 14094 | Lair:6   | Got a jewelled war axe {god gift}
 14095 | Lair:6   | Identified the +12 war axe "Dexov" {chop, *Confuse MR++ Str-4 Dex+10} (Okawaru gifted it to you on level 6 of the Lair of Beasts)
 14556 | Lair:6   | Reached ****** piety under Okawaru
 15289 | Lair:7   | Received a gift from Okawaru
 15552 | Lair:8   | Entered Level 8 of the Lair of Beasts
 15596 | Lair:8   | Reached skill level 17 in Axes
 16036 | Lair:8   | Reached XP level 14. HP: 119/127 MP: 20/20
 16076 | Lair:8   | Received a gift from Okawaru
 16380 | Lair:8   | Found a staircase to the Slime Pits.
 16750 | Shoals:1 | Entered Level 1 of the Shoals
 16977 | D:10     | Entered Level 10 of the Dungeon
 17231 | D:10     | Received a gift from Okawaru
 17557 | D:11     | Identified a scroll of acquirement
 17833 | D:11     | Found Locol's Distillery.
 18217 | D:12     | Found a staircase to the Orcish Mines.
 18230 | D:12     | Reached skill level 18 in Axes
 18399 | D:12     | Reached skill level 10 in Shields
 18559 | D:12     | Received a gift from Okawaru
 18562 | D:12     | Got a jewelled broad axe {god gift}
 18563 | D:12     | Identified the +1 broad axe of Rouso {chop, +Rage rF+++ MR++} (Okawaru gifted it to you on level 12 of the Dungeon)
 18958 | Orc:1    | Entered Level 1 of the Orcish Mines
 18958 | Orc:1    | Noticed Maurice
 18967 | Orc:1    | Killed Maurice
 19098 | Orc:2    | Entered Level 2 of the Orcish Mines
 19157 | Orc:1    | Found Iwkenk's Food Boutique.
 19159 | Orc:1    | Noticed Erica
 19164 | Orc:1    | Killed Erica
 19188 | Orc:1    | Found Gidyrphiede's Book Shop.
 19542 | Orc:2    | Found a roughly hewn altar of Beogh.
 19567 | Orc:2    | Noticed Nessos
 19582 | Orc:2    | Reached XP level 15. HP: 136/137 MP: 19/21
 19597 | Orc:2    | Killed Nessos
 19833 | Orc:2    | Found a staircase to the Elven Halls.
 19878 | Orc:2    | Found Vyluntokh's General Store.
 19960 | Orc:2    | Found Kibrul's Antique Weapon Shop.
 19988 | Orc:2    | Received a gift from Okawaru
 20013 | Orc:2    | Found Opoibli's Book Emporium.
 20021 | Orc:2    | Found Pyneh's Antique Weapon Shop.
 20026 | Orc:2    | Found Uquefav's Antique Weapon Emporium.
 20566 | D:13     | Received a gift from Okawaru
 20593 | D:13     | Found a gate to the Vaults.
 21302 | D:13     | Noticed a sphinx
 21314 | D:13     | Killed a sphinx
 21417 | D:13     | Got a translucent morningstar
 21418 | D:13     | Identified the +3 morningstar of Eket {flame, +Fly} (You found it on level 13 of the Dungeon)
 21797 | D:14     | Reached skill level 15 in Fighting
 21843 | D:14     | Got a polished scale mail
 21844 | D:14     | Identified the cursed +1 scale mail "Vera Ciu" {+Inv SInv} (You found it on level 14 of the Dungeon)
 21980 | D:14     | Received a gift from Okawaru
 22197 | D:14     | Reached XP level 16. HP: 139/149 MP: 23/23
 23279 | Shoals:2 | Noticed Polyphemus
 23290 | Shoals:2 | Killed Polyphemus
 23290 | Shoals:2 | Received a gift from Okawaru
 23308 | Shoals:2 | Reached skill level 10 in Evocations
 24023 | Shoals:2 | Noticed Roxanne
 24051 | Shoals:2 | Killed Roxanne
 24115 | Shoals:2 | Noticed Kirke
 24132 | Shoals:2 | Killed Kirke
 24132 | Shoals:2 | Reached skill level 19 in Axes
 24549 | Shoals:3 | Reached XP level 17. HP: 133/159 MP: 24/24
 24590 | Shoals:3 | Found a frozen archway.
 24612 | IceCv    | Entered an ice cave
 24680 | IceCv    | Reached skill level 15 in Armour
 24817 | IceCv    | HP: 7/160 [seven-headed hydra simulacrum (30)]
 24999 | IceCv    | Noticed an Ice Fiend
 25031 | IceCv    | Killed an Ice Fiend
 26218 | Shoals:4 | Entered Level 4 of the Shoals
 26218 | Shoals:4 | Found Beokha's Magic Scroll Shop.
 26253 | Shoals:4 | Found Edem's Assorted Antiques.
 26286 | Shoals:4 | Noticed Ilsuiw
 26310 | Shoals:4 | Killed from afar by Ilsuiw

Skill      XL: |  1  2  3  4  5  6  7  8  9 10 11 12 13 14 15 16 17 |
---------------+----------------------------------------------------+-----
Fighting       | 4 5 6 7 8 9 11 12 13 15 16 | 16.9
Axes           | 3 4 5 6 7 10 12 14 16 17 18 19 | 19.3
Shields        | 4 5 6 7 8 10 11 13 | 13.6
Armour         | 4 5 6 7 8 10 11 12 13 14 15 | 15.4
Invocations    | 1 3 5 6 7 8 |  8.1
Evocations     | 3 4 5 6 8 9 10 | 10.6
Maces & Flails | 1 |  1.8

Action                   |  1- 3 |  4- 6 |  7- 9 | 10-12 | 13-15 | 16-18 || total
-------------------------+-------+-------+-------+-------+-------+-------++-------
Melee: War axe           |   105 |   254 |   348 |       |   859 |   561 ||  2127
       Battleaxe         |       |       |    64 |   373 |    35 |       ||   472
       Mace              |       |       |       |    17 |    69 |       ||    86
       Morningstar       |       |       |       |       |     5 |     2 ||     7
Invok: Heroism           |       |       |     3 |     6 |    13 |     7 ||    29
       Finesse           |       |       |       |     3 |     3 |     5 ||    11
 Abil: Evoke Flight      |       |       |       |       |     1 |     3 ||     4
Evoke: Wand              |       |       |       |     6 |     1 |     8 ||    15
  Use: Scroll            |       |     5 |     8 |    11 |     9 |     5 ||    38
       Potion            |       |     2 |     2 |     2 |       |     5 ||    11
 Stab: Paralysed         |       |     1 |       |       |       |       ||     1
       Petrified         |       |       |       |       |     7 |     1 ||     8
       Petrifying        |       |       |       |       |     6 |       ||     6
       Confused          |       |       |       |       |     3 |       ||     3
  Eat: Chunk             |       |     6 |    13 |    17 |    30 |    11 ||    77
       Fruit             |       |       |       |     3 |       |       ||     3
       Bread ration      |       |       |       |     1 |       |       ||     1
       Meat ration       |       |       |       |       |       |     1 ||     1
Armor: Scale mail        |     5 |       |       |       |       |       ||     5
       Chain mail        |    87 |    76 |       |       |       |       ||   163
       Plate armour      |       |   162 |   200 |   256 |   491 |   369 ||  1478
Dodge: Dodged            |    32 |    51 |    64 |   159 |   210 |   140 ||   656
Block: Shield            |    66 |   153 |   153 |       |   498 |   307 ||  1177
       Buckler           |       |       |       |    13 |       |    51 ||    64
       Reflection        |       |       |       |       |       |     6 ||     6
